 Dungeon Crawl Stone Soup version 0.29.1-1-gd02db6906a (webtiles) character file.

Game seed: 6389849945843595745

79 RascalDebosk the Sneak (level 4, -7/32 HPs)
             Began as a Djinni Enchanter on Oct 12, 2022.
             Was an Initiate of Ashenzari.
             Mangled by an ogre
             ... wielding a +0 giant club
              (11 damage)
             ... on level 4 of the Dungeon.
             The game lasted 00:17:44 (4498 turns).

RascalDebosk the Sneak (Djinni Enchanter)           Turns: 4498, Time: 00:17:44

Health: -7/32      AC:  3    Str:  7    XL:     4   Next: 62%
Gold:   104        EV: 12    Int: 19    God:    Ashenzari [......] SH:  0 Dex: 13

rFire   + + .      SeeInvis .   j - +1 dagger (venom)
rCold   x . .      Faith    .   (no shield)
rNeg    . . .      Spirit   .   b - +0 robe
rPois   ∞          Reflect  .   (no helmet)
rElec   .          Harm     .   k - +0 cloak
rCorr   .          Rampage  .   (no gloves)
Will    .....                   (boots unavailable)
Stlth   ++........              (no amulet)
HPRegen 0.10/turn               (no ring)
MPRegen 0.00/turn               (no ring)

@: flying
A: sickness immunity, fire resistance 2, cold vulnerability 1, float, innate
caster, HP casting, extra vitality 1
a: Renounce Religion


You were on level 4 of the Dungeon.
You worshipped Ashenzari.
Ashenzari was noncommittal.
You visited 1 branch of the dungeon, and saw 4 of its levels.

You collected 104 gold pieces.

Inventory:

Hand Weapons
 h - a +0 triple sword
 j - a +1 dagger of venom (weapon)
 s - a +1 dagger
Armour
 b - a +0 robe (worn)
 k - a +0 cloak (worn)
Scrolls
 a - a scroll of identify {unknown}
 d - a scroll of poison {unknown}
 f - 2 scrolls of fear {unknown}
 g - 2 scrolls of enchant weapon {unknown}
 m - a scroll of amnesia {unknown}
 p - a scroll of magic mapping {unknown}
 q - a scroll of immolation {unknown}
Potions
 c - 2 potions of invisibility
 e - 2 potions of brilliance {unknown}
 i - 4 potions of curing {unknown}
 l - a potion of heal wounds {unknown}
 n - a potion of berserk rage {unknown}
 o - a potion of magic {unknown}


   Skills:
 + Level 1.3 Fighting
 + Level 1.6 Short Blades
 + Level 2.7 Dodging
 + Level 2.9 Stealth
 + Level 2.7 Spellcasting
 + Level 1.2 Evocations


You couldn't memorise any spells.
You knew the following spells:

 Your Spells              Type           Power      Damage    Failure   Level
a - Ensorcelled Hibernat  Hex/Ice        24%        N/A       8%          2
b - Confusing Touch       Hex            12%        N/A       16%         3
c - Tukima's Dance        Hex            12%        N/A       16%         3
d - Dazzling Flash        Conj/Hex       24%        N/A       16%         3
e - Freeze                Ice            48%        1d7       5%          1
Your spell library was empty.

Dungeon Overview and Level Annotations

Branches:
Dungeon (4/15)
 Temple: D:4-7

Altars:
Ashenzari
Wu Jian
The Shining One


Innate Abilities, Weirdness & Mutations

You are immune to sickness and miasma.
You are immune to poison.
Your flesh is very heat resistant. (rF++)
You are vulnerable to cold. (rC-)
You float through the air rather than walking.
You learn spells naturally, not from books.
Your magical power is your life essence.
You have superior vitality. (+4 MHP)


Message History

The worm misses you.
You hit the worm.
The worm looks as sick as possible!
The worm is heavily wounded.
The worm barely misses you.
You hit the worm.
The worm looks as sick as possible!
The worm is heavily wounded.
The worm misses you.
You hit the worm but do no damage.
The worm looks as sick as possible!
The worm is heavily wounded.
The worm splashes around in the water.
You hit the worm.
The worm looks as sick as possible!
The worm is almost dead.
You kill the worm!
The worm bites you!
* * * LOW HITPOINT WARNING * * *
You hit the worm.
You kill the worm!
There is a collapsed entrance here.
You start resting.
HP restored.
There is a collapsed entrance here.
There is a stone staircase leading down here.
An adder comes into view.
Found a scroll labelled XEUSUEKKORGH.
The adder hisses angrily.
The adder closely misses you. The adder bites you but does no damage.
Aiming: Ensorcelled Hibernation (safe; 8% risk of failure)
Press: ? - help, Q - select action, (/) - cycle Shift-Dir - straight line, f - adder
Aim: an adder (chance to affect: 54%)
The adder looks drowsy...
The helpless adder fails to defend itself.
You puncture the adder!
You kill the adder!
q - a scroll labelled XEUSUEKKORGH
There is a stone staircase leading up here.
You reach down and open the door.
There is an open door here.
Found a whip.
You reach down and open the large door.
There is a large open translucent door here.
You see here a +0 whip.
A kobold comes into view. It is wielding a +0 whip.
Found a glowing golden altar of the Shining One.
The helpless kobold fails to defend itself.
You puncture the kobold!
You kill the kobold!
A bat comes into view.
Found a broken altar of Ashenzari.
There is a broken altar of Ashenzari here.
The helpless bat fails to defend itself.
You puncture the bat!
You kill the bat!
There is a broken altar of Ashenzari here.
You hover solemnly before the altar of Ashenzari.
Ashenzari welcomes you!
Ashenzari warns you of distant threats and treasures.
Ashenzari reveals the structure of the dungeon to you.
Ashenzari shows you where magical portals lie.
Done exploring.
You see here a +0 whip.
There is a large open translucent door here.
There is an open door here.
There is a stone staircase leading down here.
You fly downwards.
Found an escape hatch in the floor.
There is a stone staircase leading up here.
An ogre comes into view. It is wielding a +0 giant club.
Found 9 gold pieces.
Aiming: Ensorcelled Hibernation (safe; 8% risk of failure)
Press: ? - help, Q - select action, (/) - cycle Shift-Dir - straight line, f - ogre
Aim: an ogre, wielding a +0 giant club (chance to affect: 46%)
The ogre looks drowsy...
Found a fizzy emerald potion.
The helpless ogre fails to defend itself.
You puncture the ogre!
The ogre is poisoned.
The ogre is heavily wounded.
Casting: Ensorcelled Hibernation (safe; 8% risk of failure)
Confirm with . or Enter, or press ? or * to list all spells.
The spell is quite dangerous to miscast (16% risk of failure)!
Continue anyway?
Aiming: Tukima's Dance (quite dangerous; 16% risk of failure)
Press: ? - help, Shift-Dir - straight line, f/p - ogre
Aim: an ogre, wielding a +0 giant club (heavily wounded, very poisoned, chance to affect: 46%)
The ogre resists with some effort.
The ogre barely misses you.
Casting: Tukima's Dance (quite dangerous; 16% risk of failure)
Confirm with . or Enter, or press ? or * to list all spells.
The spell is quite dangerous to miscast (16% risk of failure)!
Continue anyway?
Casting: Dazzling Flash (quite dangerous; 16% risk of failure)
Press: ? - help, Dir - look around, f - activate The ogre hits you with a +0 giant club!!
Ouch! That really hurt!
* * * LOW HITPOINT WARNING * * *
Found an escape hatch in the ceiling.
Found two ring mails.
Found a stone staircase leading down.
Found 6 gold pieces.
Found a stone staircase leading down.
Found a sapphire potion.
The ogre looks more healthy.
Found a book of Vapours.
A giant cockroach comes into view.
A hound comes into view.
Found a scroll labelled KYEDOL VYONEUG.
The ogre attacks as you move away! The ogre hits you with a +0 giant club!
You die...

..............#..##
#.................##
#.......##..##..<.>#
##.....##..........#
#....####.........#
...... #......[.[.#
##..##.....# . #>..
#..O..#..h. ###
#.$@.......
#......##..
....#....#
.........!...
...........##..
...:........ .
....B.##..... .?.###
.....#


You could see an ogre and a hound (asleep).

Vanquished Creatures
  2 adders
  5 worms
  A dart slug (D:3)
  5 ball pythons
  6 bats
  3 endoplasms
  2 giant cockroaches
  3 goblins
  3 hobgoblins
  3 quokkas
  4 kobolds
  6 rats
43 creatures vanquished.

Notes
Turn   | Place    | Note
-------+----------+-------------------------------------------
     0 | D:1      | RascalDebosk the Djinni Enchanter began the quest for the
                  | Orb.
     0 | D:1      | RascalDebosk set off with the following spells memorised:
                  | Ensorcelled Hibernation, Confusing Touch, Tukima's Dance,
                  | Dazzling Flash.
     0 | D:1      | Reached XP level 1. HP: 15/15 MP: 0/0
   242 | D:1      | Reached skill level 1 in Short Blades
   449 | D:1      | Reached XP level 2. HP: 17/21 MP: 0/0
  1526 | D:2      | Found a faded altar of an unknown god.
  1736 | D:2      | HP: 1/22 [worm (6)]
  1738 | D:2      | Reached XP level 3. HP: 2/26 MP: 0/0
  1738 | D:2      | Learned a level 1 spell: Freeze
  2665 | D:2      | Reached skill level 1 in Evocations
  2993 | D:2      | Reached skill level 1 in Fighting
  3325 | D:3      | Reached XP level 4. HP: 31/32 MP: 0/0
  3390 | D:3      | Found a large runed translucent door.
  3403 | D:3      | Found a large runed translucent door.
  3808 | D:3      | Found an ornate altar of the Wu Jian Council.
  3958 | D:3      | Found a glowing drain.
  4412 | D:3      | Found a glowing golden altar of the Shining One.
  4422 | D:3      | Found a broken altar of Ashenzari.
  4428 | D:3      | Became a worshipper of Ashenzari the Shackled
  4468 | D:4      | Noticed an ogre
  4476 | D:4      | HP: 1/32 [ogre/+0 giant club (23)]
  4498 | D:4      | Mangled by an ogre

Illustrated notes

Levels and vault maps discovered:
D:1:      dpeg_arrival_tiny_b, layout_basic, chequers_serial_rivers_small_b
D:2:      layout_rooms, ebering_ecumenical_altar_webs, serial_co_window_serial,
          co_window_corner_a, co_window_paths_b, co_window_paths_b,
          co_window_corner_a, co_window_corner_a, co_window_of_opportunity_b,
          co_window_corner_b, co_window_broadway_b, co_window_unsneaky_path_b,
          co_window_of_opportunity_b, co_window_broadway_a,
          co_window_broadway_a, co_window_4corner_a, co_window_sun,
          glass_columns_b, glass_columns_a, glass_columns_c
D:3:      layout_rooms, nicolae_wu_jian_glorious_leap, jmf_multi_god_temple2,
          cheibrodos_sewer_entry_bend
D:4:      layout_cave_pools, grunt_temple_overflow_bloody_war,
          minmay_temple_entry_butterflies

Skill      XL: |  1  2  3 |
---------------+----------+-----
Short Blades   | 1 |  1.6
Evocations     | 1 |  1.2
Fighting       | 1 |  1.3
Dodging        | |  2.7
Stealth        | |  2.9
Spellcasting   | |  2.7

Action                   |  1- 3 |  4- 6 || total
-------------------------+-------+-------++-------
Melee: Dagger            |    89 |    31 ||   120
       Punch             |     3 |       ||     3
 Cast: Ensorcelled Hiber |    17 |     5 ||    22
       Tukima's Dance    |       |     1 ||     1
       Dazzling Flash    |       |     1 ||     1
 Stab: Sleeping          |    17 |     7 ||    24
Armor: Robe              |    21 |     2 ||    23
Dodge: Dodged            |    63 |    18 ||    81
